 Dungeon Crawl Stone Soup version 0.28-a0-1506-g3893175d92 (webtiles) character file.

Game seed: 5595453541732303255

498 shadowrider38 the Scratcher (level 6, -18/31 HPs)
             Began as a Felid Air Elementalist on Jan 14, 2022.
             Was an Elder of Ashenzari.
             Killed from afar by a steam dragon (19 damage)
             ... with a ball of steam
             ... on level 8 of the Dungeon.
             The game lasted 00:52:23 (14654 turns).

shadowrider38 the Scratcher (FeAE)                 Turns: 14654, Time: 00:52:24

Health: -18/31     AC:  2    Str:  4    XL:     6   Next: 94%
Magic:  0/12       EV: 22    Int: 18    God:    Ashenzari [****..]
Gold:   309        SH:  0    Dex: 17    Spells: 4/12 levels left
                                        Lives:  0   Deaths: 2

rFire   . . .      SeeInvis +     - Unarmed
rCold   . . .      Faith    .   (shield unavailable)
rNeg    + . .      Spirit   +   (armour unavailable)
rPois   +          Reflect  .   (helmet unavailable)
rElec   .          Harm     .   (cloak unavailable)
rCorr   .          Rampage  .   (gloves unavailable)
Will    .....      Clarity  +   (boots unavailable)
Stlth   ++++......              p - amulet "Visionary Secrets" {Spirit rN+, Evo, Self} (curse)
HPRegen 0.10/turn               o - ring "Prescient Negligence" {rPois, Comp, Cun} (curse)
MPRegen 0.13/turn               (no ring)

@: quick
A: very small, claws 1, fangs 3, see invisible, speed 1, shaggy fur 2, stealthy
paws, no weapons or thrown items, no armour, multi-lived
a: Renounce Religion, Curse Item, Shatter the Chains


You were on level 8 of the Dungeon.
You worshipped Ashenzari.
Ashenzari was greatly pleased with you.
You visited 2 branches of the dungeon, and saw 9 of its levels.
You also visited: Bailey.

You collected 309 gold pieces.

Inventory:

Jewellery
 o - the cursed ring "Prescient Negligence" (left paw) {rPois, Comp, Cun}
   (You found it on level 6 of the Dungeon)

   [ring of poison resistance]

   rPois:     It protects you from poison.
   It has a curse which improves the following skills: Companions: Summonings
   and Necromancy.
   Cunning:   Dodging and Stealth.
 p - the cursed amulet "Visionary Secrets" (around neck) {Spirit rN+, Evo, Self}
   (You found it on level 7 of the Dungeon)

   [amulet of guardian spirit]

   It causes incoming damage to be divided between your reserves of health and
   magic.
   rN:        It protects you from negative energy.
   It has a curse which improves the following skills: Evocations: Evocations.
   Introspection: Fighting and Spellcasting.
Wands
 f - a wand of iceblast (8)
 j - a wand of mindburst (12)
 l - a wand of polymorph (2)
Scrolls
 a - a scroll of blinking
 e - 2 scrolls of fog
 i - 2 scrolls of fear
 q - a scroll of vulnerability
 r - a scroll of teleportation
Potions
 b - 2 potions of might
 c - 2 potions of curing
 d - 3 potions of heal wounds
 g - a potion of ambrosia
 h - 2 potions of mutation
 k - a potion of invisibility
 m - 2 potions of resistance
 n - a potion of cancellation


   Skills:
 - Level 4.1(6.0) Fighting
 - Level 6.2(8.2) Dodging
 - Level 5.0(6.9) Stealth
 + Level 7.8 Unarmed Combat
 - Level 2.0(3.5) Spellcasting
 - Level 0.8 Conjurations
 - Level 5.0 Air Magic


You had 4 spell levels left.
You knew the following spells:

 Your Spells              Type           Power      Damage    Failure   Level
a - Shock                 Conj/Air       52%        1d6       4%          1
b - Swiftness             Air            21%        N/A       6%          3
c - Airstrike             Air            10%        N/A       21%         4

Your spell library contained the following spells:

 Spells                   Type           Power      Damage    Failure   Level
 Static Discharge         Conj/Air       13%        N/A       7%          2
 Pain                     Necr           16%        1d4       14%         1
 Conjure Flame            Conj/Fire      4%         6-21      36%         3
 Frozen Ramparts          Ice            6%         1d2       43%         3
 Ignite Poison            Fire/Tmut/Pois 3%         N/A       43%         3
 Ozocubu's Armour         Ice            3%         N/A       43%         3
 Sticky Flame             Conj/Fire      4%         2d3       78%         4
 Ice Form                 Ice/Tmut       3%         N/A       83%         4
 Petrify                  Tmut/Erth      3%         N/A       83%         4
 Summon Ice Beast         Ice/Summ       3%         N/A       83%         4
 Agony                    Necr           4%         N/A       98%         5
 Metabolic Englaciation   Hex/Ice        1%         N/A       99%         5
 Simulacrum               Ice/Necr       1%         N/A       100%        6
 Statue Form              Tmut/Erth      2%         N/A       100%        6
 Excruciating Wounds      Necr           Unusable   N/A       N/A         5

Dungeon Overview and Level Annotations

Branches:
Dungeon (8/15)             Temple (1/1) D:4            Lair (0/6) D:8
 Bailey (visited)

Altars:
Ashenzari
Dithmenos
Elyvilon
Fedhas
Gozag
Hepliaklqana
Kikubaaqudgha
Makhleb
Nemelex Xobeh
Okawaru
Qazlal
Ru
Sif Muna
Trog
Uskayaw
Vehumet
Wu Jian
Xom
Yredelemnul
Zin
The Shining One

Shops:
D:4 !

Annotations:
D:3 Grinder
D:5 3 runed translucent doors, exclusion: 2 iguanas, Blork the orc; freelancePsychic's ghost, novice MiFi; gimp's ghost, novice TeWn
D:6 exclusions: phantom, sensed monster (detected) and sky beast
D:7 exclusions: bullfrog, sky beast and wyvern
D:8 exclusion: steam dragon, Maggie


Innate Abilities, Weirdness & Mutations

You have sharp claws.
You have razor-sharp teeth.
You have supernaturally acute eyesight. (SInv)
You cover ground quickly. (Speed+)
You are covered in thick fur. (AC +2)
Your paws help you pounce on unaware monsters.
You are incapable of wielding weapons or throwing items.
You cannot wear armour.
You gain extra lives every three experience levels.


Message History

Really walk into a travel-excluded area? [Y]es or [N]o only, please.
Really walk into a travel-excluded area? [Y]es or [N]o only, please.
Really walk into a travel-excluded area? [Y]es or [N]o only, please.
Really walk into a travel-excluded area? [Y]es or [N]o only, please.
Really walk into a travel-excluded area? [Y]es or [N]o only, please.
Really walk into a travel-excluded area? [Y]es or [N]o only, please.
Really walk into a travel-excluded area? [Y]es or [N]o only, please.
Really walk into a travel-excluded area? [Y]es or [N]o only, please.
Really walk into a travel-excluded area? [Y]es or [N]o only, please.
Really walk into a travel-excluded area?
Things that are here:
a +0 hand axe; an orc corpse The orc warrior barely misses you.
The orc hits you with a +0 short sword. The orc warrior misses you.
The steam dragon bites you! The steam dragon misses you.
The orc barely misses you. The steam dragon misses you.
The steam dragon closely misses you. The steam dragon breathes steam at you.
The ball of steam hits the orc.
The ball of steam misses you.
The orc is engulfed in a cloud of scalding steam.
The orc dies!
You are engulfed in a cloud of scalding steam.
Unknown command.
You are engulfed in a cloud of scalding steam.
The orc warrior misses you.
You are engulfed in a cloud of scalding steam.
* * * LOW HITPOINT WARNING * * *
The orc warrior misses you. The steam dragon breathes steam at you.
The ball of steam hits you!!
Ouch! That really hurt!
You die...

.## #.#*..# **,,* ***
.#######.#*#.## *..*** *,*
.######..###..# *#.#*,** *,**
....###..##...## *#.#***,** *,,*
###............###.#* *,,* *,,,
####.......#(...#.#* **,** *,,,
####......)....§..# **,,***,,,
##............§..## *,,,,,,,,*
.....###......§o@## **,,,,,,,,*
...#####.......D..#****,,,,***,,*
#..### #....###......#,,,,** **,,
##.## *#..### #..........** *#..
##..#*#..## *#.........#* *...
##.##..## *#...........#* ##..,
#.....# *#...#.........###..**
###....#####...###...###...#..#**
.......####..#####..#* **#....#


You could see a steam dragon (catching breath) and an orc warrior.

Vanquished Creatures
  A black bear (D:7)
  An ogre (D:5)
  A bullfrog (D:7)
  3 scorpions
  A wyvern skeleton (D:6)
  A water moccasin skeleton (D:5)
  3 killer bees (D:7)
  5 wights
  A howler monkey (D:7)
  A centaur zombie (D:5)
  3 hounds
  5 jellies
  3 orc priests (D:8)
  A gnoll shaman (D:7)
  A centaur skeleton (D:7)
  4 orc wizards
  Natasha (twice) (D:3)
  2 iguanas
  A hound skeleton (D:5)
  11 gnolls
  2 adders
  A shadow imp (D:6)
  2 white imps
  2 worms
  2 dart slugs (D:4)
  30 orcs
  3 bats
  6 endoplasms
  3 giant cockroaches
  11 goblins
  A hobgoblin (D:2)
  2 jackals (D:3)
  2 quokkas (D:1)
  3 ball pythons
  3 frilled lizards
  17 kobolds
  9 rats
150 creatures vanquished.

Vanquished Creatures (others)
  An orc (D:8)
  5 fungi (D:8)
  6 plants (D:8)
  5 withered plants (D:5)
17 creatures vanquished.

Grand Total: 167 creatures vanquished

Notes
Turn   | Place    | Note
-------+----------+-------------------------------------------
     0 | D:1      | shadowrider38 the Felid Air Elementalist began the quest
                  | for the Orb.
     0 | D:1      | Reached XP level 1. HP: 7/7 MP: 4/4
   392 | D:1      | Reached skill level 1 in Fighting
   438 | D:1      | Reached XP level 2. HP: 12/12 MP: 3/6
  1235 | D:1      | Reached XP level 3. HP: 14/16 MP: 1/7
  1406 | D:1      | Found a faded altar of an unknown god.
  3138 | D:3      | Noticed Grinder
  3618 | D:4      | Found a staircase to the Ecumenical Temple.
  3633 | D:4      | Found Raenoa's Book Shoppe.
  4079 | D:4      | Reached XP level 4. HP: 15/21 MP: 3/8
  4369 | Temple   | Entered the Ecumenical Temple
  4656 | Temple   | Became a worshipper of Ashenzari the Shackled
  4735 | D:4      | Reached skill level 5 in Stealth
  5007 | D:4      | Found Niciarch's Distillery.
  5038 | D:4      | Reached skill level 1 in Unarmed Combat
  5038 | D:4      | Reached XP level 5. HP: 8/24 MP: 2/9
  5692 | D:4      | Reached skill level 2 in Unarmed Combat
  6013 | D:3      | Noticed Natasha
  6146 | D:5      | Entered Level 5 of the Dungeon
  6244 | D:5      | Reached skill level 3 in Unarmed Combat
  6277 | D:5      | Noticed Blork the orc
  6338 | D:5      | Noticed an ogre
  6539 | D:5      | Killed an ogre
  6540 | D:5      | Reached skill level 4 in Unarmed Combat
  6540 | D:5      | Gained mutation: You are covered in thick fur. (AC +2)
                  | [Felid growth]
  6540 | D:5      | Reached XP level 6. HP: 28/28 MP: 6/10
  6883 | D:5      | Found a runed translucent gate.
  6883 | D:5      | Found a runed translucent gate.
  6883 | D:5      | Found a runed translucent gate.
  6884 | D:5      | Noticed freelancePsychic's ghost (novice MiFi)
  6886 | D:5      | Noticed gimp's ghost (novice TeWn)
  7061 | D:5      | Reached skill level 5 in Dodging
  7256 | D:5      | Reached XP level 7. HP: 20/32 MP: 5/11
  8511 | D:6      | Reached * piety under Ashenzari
  8511 | D:6      | Reached ** piety under Ashenzari
  8610 | D:6      | Reached skill level 5 in Unarmed Combat
  9838 | D:3      | Killed Natasha
 10118 | D:3      | Noticed Natasha
 10160 | D:3      | Killed Natasha
 10161 | D:3      | Reached skill level 6 in Unarmed Combat
 10673 | D:7      | Identified the amulet "Cetwoode" {Spirit rN+}
 10799 | D:7      | Reached *** piety under Ashenzari
 10799 | D:7      | Reached **** piety under Ashenzari
 11131 | D:7      | Reached XP level 8. HP: 28/38 MP: 2/14
 12012 | D:7      | Learned a level 3 spell: Swiftness
 12017 | D:7      | Learned a level 4 spell: Airstrike
 12452 | D:7      | Reached skill level 5 in Air Magic
 13147 | D:6      | Reached skill level 7 in Unarmed Combat
 13302 | D:8      | Found a flagged portal.
 13356 | Bailey   | Entered a bailey
 13613 | Bailey   | Noticed an orc knight
 13646 | Bailey   | Slain by an orc knight
 13647 | Bailey   | Reached XP level 7. HP: -4/34 MP: 0/13
 13948 | D:8      | Noticed Maggie
 13959 | D:8      | Found a staircase to the Lair.
 14360 | D:8      | Noticed a steam dragon
 14619 | D:8      | Killed from afar by an orc wizard
 14620 | D:8      | Reached XP level 6. HP: 0/31 MP: 0/12
 14641 | D:8      | Noticed an orc warrior
 14654 | D:8      | HP: 1/31 [steam dragon] (10)]
 14654 | D:8      | Killed from afar by a steam dragon

Illustrated notes

Levels and vault maps discovered:
D:1:      dpeg_arrival_ratfight, layout_basic, basic_ecumenical_altar
D:2:      layout_basic
D:3:      layout_basic, lemuel_doored_altar, uniq_grinder, uniq_natasha
D:4:      layout_loops_cross, temple_doors_e, serial_shops, shop, shop
D:5:      layout_basic, gammafunk_ghost_cemetery, uniq_blork_the_orc
D:6:      layout_basic, hangedman_abyss_or_decor_passed
D:7:      layout_basic
D:8:      layout_layer_cave, dpeg_oklobed_lair, enter_bailey_1,
          grunt_decor_one_mirror, uniq_maggie
Temple:   roderic_octagonal_lattice_temple

Skill      XL: |  1  2  3  4  5  6  7  8 |
---------------+-------------------------+-----
Dodging        | 3 5 6 |  6.2
Stealth        | 3 4 5 |  5.0
Fighting       | 1 2 3 4 |  4.1
Air Magic      | 3 5 |  5.0
Unarmed Combat | 1 4 6 7 |  7.8
Spellcasting   | |  2.0
Conjurations   | |  0.8

Action                   |  1- 3 |  4- 6 |  7- 9 || total
-------------------------+-------+-------+-------++-------
Melee: Unarmed           |    30 |    24 |    52 ||   106
       Bite              |     3 |     2 |     7 ||    12
       Punch             |     2 |     1 |     2 ||     5
 Cast: Shock             |   132 |    90 |   275 ||   497
       Airstrike         |       |       |     4 ||     4
Invok: Curse Item        |       |       |     2 ||     2
Evoke: Wand              |       |       |     2 ||     2
  Use: Scroll            |     2 |     1 |     2 ||     5
       Potion            |       |       |     1 ||     1
 Stab: Sleeping          |     2 |     1 |    10 ||    13
Armor: Skin              |     2 |     7 |     4 ||    13
Dodge: Dodged            |    49 |    95 |   132 ||   276

Table legend: (Time is in decaauts)
 A = Elapsed time spent in this place.
 B = Non-inter-level travel time spent in this place.
 C = Inter-level travel time spent in this place.
 D = Time resting spent in this place.
 E = Time spent auto-exploring this place.
 F = Levels seen in this place.
 G = Mean time per level.
                   A        B        C        D        E       F      G
               +--------+--------+--------+--------+--------+-----+--------+
         Total |  13189 |  12518 |    671 |   6085 |   3503 |  10 | 1318.9 |
       Dungeon |  12681 |  12041 |    640 |   6029 |   3308 |   8 | 1585.1 |
        Temple |    245 |    214 |     31 |      0 |    194 |   1 |  245.0 |
        Bailey |    263 |    263 |      0 |     56 |      0 |   1 |  263.0 |
               +--------+--------+--------+--------+--------+-----+--------+

Top non-repeatable levels by time:
     D:4: 2571 daAuts
     D:7: 2363 daAuts
     D:5: 2099 daAuts
     D:1: 1573 daAuts
     D:3: 1485 daAuts
     D:8: 944 daAuts
     D:2: 866 daAuts
     D:6: 777 daAuts
  Bailey: 263 daAuts
  Temple: 245 daAuts
